 Dungeon Crawl Stone Soup version 0.26-a0-812-g31a745ddcd (webtiles) character file.

Game seed: 18189001279037041950

(classic levelgen) 1 EnegeticOcto the Shield-Bearer (level 1, 0/20 HPs)
             Began as a Deep Dwarf Fighter on Dec 3, 2020.
             Slain by Natasha (3 damage)
             ... on level 2 of the Dungeon.
             The game lasted 00:00:06 (96 turns).

EnegeticOcto the Shield-Bearer (Deep Dwarf Fighter)   Turns: 96, Time: 00:00:07

Health: 0/20       AC:  6    Str: 19    XL:     1   Next: 16%
Magic:  1/1        EV:  7    Int:  8    God:
Gold:   0          SH:  9    Dex: 12    Spells: 0/0 levels left

rFire    . . .     SeeInvis .   a - +0 war axe
rCold    . . .     Faith    .   c - +0 kite shield
rNeg     . . .     Spirit   .   b - +0 scale mail
rPois    .         Reflect  .   (no helmet)
rElec    .         Harm     .   (no cloak)
rCorr    .         Rampage  .   (no gloves)
MR       .....                  (no boots)
Stlth    ..........             (no amulet)
HPRegen  0.00/turn              (no ring)
MPRegen  0.07/turn              (no ring)

@: non-regenerating
A: damage resistance, heal wounds, sense surroundings 1, no regeneration
a: Heal Wounds


You were on level 2 of the Dungeon.
You visited 1 branch of the dungeon, and saw 2 of its levels.

Inventory:

Hand Weapons
 a - a +0 war axe (weapon)
Armour
 b - a +0 scale mail (worn)
 c - a +0 kite shield (worn)
Scrolls
 e - 2 scrolls of teleportation {unknown}
 f - 2 scrolls of remove curse {unknown}
Potions
 d - a potion of might {@q3}


   Skills:
 + Level 2.7 Fighting
 * Level 2.2 Axes
 + Level 3.3 Armour
 + Level 0.0 Dodging
 + Level 3.3 Shields


You couldn't memorise any spells.
You didn't know any spells.
Your spell library was empty.

Dungeon Overview and Level Annotations

Branches:
Dungeon (2/15)

Altars:

Annotations:
D:2 Natasha


Innate Abilities, Weirdness & Mutations

You are resistant to damage.
You can heal yourself by infusing magical energy.
You passively map a small area around you.
You do not regenerate.


Message History

e - 2 scrolls labelled JARHOL HORGHITE (gained 1)
Found 19 sling bullets.
You see here a scale mail.
Found a robe.
You see here a robe.
f - a scroll labelled PIASOI WAFUP
f - 2 scrolls labelled PIASOI WAFUP (gained 1)
Found a stone staircase leading down.
No target in view!
No target in view!
No target in view!
No target in view!
No target in view!
No target in view!
No target in view!
No target in view!
No target in view!
No target in view!
Found a stone staircase leading down.
A bat comes into view.
There is a stone staircase leading down here.
A bat is nearby!
A bat is nearby!
A bat is nearby!
A bat is nearby!
The bat barely misses you.
Found a robe.
You hit the bat but do no damage. The bat hits you but does no damage.
You barely miss the bat. You block the bat's attack.
The bat closely misses you. x2
You closely miss the bat. The bat hits you but does no damage.
You block the bat's attack.
You closely miss the bat. You block the bat's attack.
The bat hits you but does no damage. You block the bat's attack.
You block the bat's attack. The bat hits you but does no damage.
You slash the bat!
You kill the bat!
No target in view!
No target in view!
No target in view!
No target in view!
No target in view!
No target in view!
No target in view!
No target in view!
No target in view!
No target in view!
No target in view!
No target in view!
No target in view!
No target in view!
(D) Dungeon
Where to? (? - help)
There is a stone staircase leading down here.
You climb downwards.
Natasha, Servant of Life and Death comes into view.
Natasha hisses angrily.
Found 8 gold pieces.
There is a stone staircase leading up here.
Natasha is nearby!
Natasha is nearby!
Natasha is nearby!
Natasha is nearby!
Found a scroll labelled SIOM POBBUXERE.
You closely miss Natasha. Natasha claws you but does no damage.
Natasha casts a spell at you. The magic dart hits you!
Your shield prevents you from hitting Natasha.
Natasha claws you.
You hit Natasha.
Natasha is moderately wounded.
Natasha claws you. Natasha barely misses you.
You hit Natasha.
Natasha is severely wounded.
Natasha extends her claws.
You block Natasha's attack.
You barely miss Natasha.
Natasha is severely wounded.
You block Natasha's attack. Natasha barely misses you.
You completely miss Natasha.
Natasha is severely wounded.
Natasha casts a spell at you. The magic dart hits you!
* * * LOW HITPOINT WARNING * * *
You are too injured to fight recklessly!
You are too injured to fight recklessly!
You are too injured to fight recklessly!
You are too injured to fight recklessly!
You are too injured to fight recklessly!
You are too injured to fight recklessly!
You are too injured to fight recklessly!
You are too injured to fight recklessly!
You are too injured to fight recklessly!
You fail to use your ability.
Natasha claws you.
You closely miss Natasha.
Natasha is severely wounded.
Natasha stares at you and mumbles some strange words.
The magic dart hits you.
You fail to use your ability.
Natasha claws you.
You die...

* , , ##* ,
######.### *
,
.........###
* ≈ *
#.$..h@...#
, ,
#...#..#<.#
, * #?
##.#..#* , ,
,*#...... ,
, ,
.##.###.. ,
.*#.#* ,.# ,
* *#. #.. #
, , #. ###
** , , , , ,


You could see Natasha.

Vanquished Creatures
  A bat (D:1)
1 creature vanquished.

Notes
Turn   | Place    | Note
-------+----------+-------------------------------------------
     0 | D:1      | EnegeticOcto the Deep Dwarf Fighter began the quest for the
                  | Orb.
     0 | D:1      | Reached XP level 1. HP: 20/20 MP: 1/1
    85 | D:2      | Noticed Natasha
    96 | D:2      | Slain by Natasha

Illustrated notes

Levels and vault maps discovered:
D:1:      lemuel_arrival_room, layout_loops_ring, serial_bayou_crossing
D:2:      layout_rooms, serial_undead, serial_undead_b, serial_undead_f,
          serial_undead_f, serial_undead_f, minmay_rat_gold_closets,
          uniq_natasha

Action                   || total
-------------------------++-------
Melee: War axe           ||    12
Armor: Scale mail        ||     5
Dodge: Dodged            ||     5
Block: Kite shield       ||     7

Table legend: (Time is in decaauts)
 A = Elapsed time spent in this place.
 B = Non-inter-level travel time spent in this place.
 C = Inter-level travel time spent in this place.
 D = Time resting spent in this place.
 E = Time spent auto-exploring this place.
 F = Levels seen in this place.
 G = Mean time per level.
                   A        B        C        D        E       F      G
               +--------+--------+--------+--------+--------+-----+--------+
         Total |    101 |     99 |      2 |      0 |     71 |   2 |   50.5 |
       Dungeon |    101 |     99 |      2 |      0 |     71 |   2 |   50.5 |
               +--------+--------+--------+--------+--------+-----+--------+

Top non-repeatable levels by time:
     D:1: 87 daAuts
     D:2: 14 daAuts
